 Dungeon Crawl Stone Soup version 0.28-a0-474-g535839065c (webtiles) character file.

Game seed: 8260790386874013457

0 meatgazer the Skirmisher (level 1, -25/18 HPs)
             Began as a Demonspawn Abyssal Knight on Sept 15, 2021.
             Was a Follower of Lugonu.
             Killed from afar by a hell hog (41 damage)
             ... with a fireball
             ... on level 1 of the Abyss.
             The game lasted 00:00:18 (89 turns).

meatgazer the Skirmisher (Demonspawn Abyssal Knight)  Turns: 89, Time: 00:00:19

Health: -25/18     AC:  3    Str: 12    XL:     1   Next: 0%
Magic:  2/2        EV: 11    Int: 13    God:    Lugonu [*.....]
Gold:   0          SH:  0    Dex: 12    Spells: 0/0 levels left

rFire   . . .      SeeInvis .   a - +1 spear
rCold   . . .      Faith    .   (no shield)
rNeg    . . .      Spirit   .   b - +0 leather armour
rPois   .          Reflect  .   (no helmet)
rElec   .          Harm     .   (no cloak)
rCorr   .          Rampage  .   (no gloves)
Will    .....                   (no boots)
Stlth   +.........              (no amulet)
HPRegen 0.06/turn               (no ring)
MPRegen 0.08/turn               (no ring)

@: no status effects
A: no striking features
a: Renounce Religion, Depart the Abyss


You were on level 1 of the Abyss.
You worshipped Lugonu.
Lugonu was aware of your devotion.
You visited 0 branches of the dungeon, and saw 0 of its levels.
You visited the Abyss 1 time.

Inventory:

Hand Weapons
 a - a +1 spear (weapon)
Armour
 b - a +0 leather armour (worn)


   Skills:
 + Level 3.0 Fighting
 + Level 1.7 Polearms
 + Level 1.7 Armour
 + Level 0.8 Dodging
 + Level 2.4 Invocations


You couldn't memorise any spells.
You didn't know any spells.
Your spell library was empty.

Dungeon Overview and Level Annotations

Branches:
Dungeon (0/15)

Altars:


Message History

A storm dragon zombie is nearby!
An ufetubus comes into view.
The ufetubus shouts!
A quasit comes into view.
The quasit gives a chilling moan.
A tentacled starspawn comes into view.
The tentacled starspawn closely misses you.
The tentacled starspawn barely misses you.
The quasit bites you.
The quasit claws you but does no damage.
The quasit claws you.
The quasit bites you but does no damage.
The quasit closely misses you.
The quasit claws you but does no damage.
Tentacles burst from the starspawn's body! 2 starspawn tentacles come into view.
The quasit bites you but does no damage.
The quasit barely misses you. The quasit misses you.
A hell hog comes into view.
The hell hog squeals angrily.
A tentacle flies out from the starspawn's body!
The quasit closely misses you.
The quasit claws you but does no damage. x2
A starspawn tentacle comes into view.
A starspawn tentacle comes into view.
The ufetubus hits you but does no damage.
The ufetubus closely misses you.
The quasit bites you but does no damage.
The quasit claws you but does no damage.
The quasit claws you.
The quasit barely misses you. x2; The quasit closely misses you.
Tentacles burst from the starspawn's body! 2 starspawn tentacles come into view.
The ufetubus hits you but does no damage.
The ufetubus barely misses you.
The ufetubus hits you but does no damage. x2
The hell hog breathes fire at you.
The fireball explodes!
The fireball engulfs you!!!
Ouch! That really hurt!
You die...

#....#. #.# .#.. ..
#...#. #.. #.#...#
#....#..#. . #.....#
#..#. ....
..#...#..##.#.Z..Z .
...#.##.... .#. ##
#####
....#.#...#...#.
......##.#.#.#......
# #..@.h.55##5.##.#
#.....#....#.##.#
........##...##..#..
#...#..#######..#
#.# ..#.#.#.. .....
. # #...#.. .... ...
...#..# #.# # ..
.#.. .#. ##


You could see a hell hog (catching breath), a quasit and an ufetubus.

Vanquished Creatures (others)
  6 starspawn tentacles (Abyss:1)
6 creatures vanquished.

Notes
Turn   | Place    | Note
-------+----------+-------------------------------------------
     0 | Abyss:1  | meatgazer the Demonspawn Abyssal Knight began the quest for
                  | the Orb.
     0 | Abyss:1  | Reached XP level 1. HP: 18/18 MP: 2/2
    48 | Abyss:1  | Noticed a storm dragon zombie
    50 | Abyss:1  | Noticed a quasit
    58 | Abyss:1  | Noticed a tentacled starspawn
    70 | Abyss:1  | Noticed a hell hog
    89 | Abyss:1  | Killed from afar by a hell hog

Illustrated notes

Levels and vault maps discovered:
Abyss:1:  base: Temple, evilmike_abyss_exit_plants, base: Temple,
          guppyfry_abyss_exit_imp_island

Action                   || total
-------------------------++-------
Armor: Leather armour    ||    12
Dodge: Dodged            ||    11

Table legend: (Time is in decaauts)
 A = Elapsed time spent in this place.
 B = Non-inter-level travel time spent in this place.
 C = Inter-level travel time spent in this place.
 D = Time resting spent in this place.
 E = Time spent auto-exploring this place.
 F = Levels seen in this place.
 G = Mean time per level.
                   A        B        C        D        E       F      G
               +--------+--------+--------+--------+--------+-----+--------+
         Total |     89 |     89 |      0 |      0 |     47 |   1 |   89.0 |
         Abyss |     89 |     89 |      0 |      0 |     47 |   1 |   89.0 |
               +--------+--------+--------+--------+--------+-----+--------+

Top non-repeatable levels by time:
 Abyss:1: 89 daAuts
